 Dungeon Crawl Stone Soup version 0.31-a0-237-g2d982f9f85 (webtiles) character file.

Game seed: 1469335499494936562

11 qw the Shooter (level 2, 0/16 HPs)
             Began as a Gargoyle Hexslinger on July 11, 2023.
             Slain by a gnoll
             ... wielding a +0 spear
              (2 damage)
             ... on level 1 of the Dungeon.
             The game lasted 00:00:10 (734 turns).

qw the Shooter (Gargoyle Hexslinger)                 Turns: 734, Time: 00:00:11

Health: 0/16       AC:  4    Str: 11    XL:     2   Next: 29%
Magic:  3/3        EV: 12    Int: 13    God:
Gold:   11         SH:  0    Dex: 12    Spells: 2/3 levels left

rFire   . . .        a - +1 sling
rCold   . . .        (no shield)
rNeg    + . .        c - +0 robe
rPois   inf          (no helmet)
rElec   +            (no cloak)
rCorr   .            (no gloves)
SInv    .            (no boots)
Will    .....        (no amulet)
Stlth   +            (no ring)
HPRegen 0.22/turn    (no ring)
MPRegen 0.08/turn

%: no passive effects
@: no status effects
A: sickness immunity, AC +2, negative energy resistance 1, electricity
resistance, torment resistance 1, petrification resistance
a: no special abilities


You were on level 1 of the Dungeon.
You visited 1 branch of the dungeon, and saw 1 of its levels.

You collected 11 gold pieces.


Innate Abilities, Weirdness & Mutations

You are immune to sickness and miasma.
Your stone body is resilient. (AC +2)
You are immune to poison.
You resist negative energy. (rN+)
You are resistant to electric shocks. (rElec)
You are resistant to unholy torment.
You are immune to petrification.


   Skills:
 - Level 1.1 Fighting
 + Level 2.9 Ranged Weapons
 - Level 1.5 Dodging
 - Level 1.0 Spellcasting
 - Level 2.6 Hexes


You had 2 spell levels left.
You knew the following spells:

 Your Spells              Type           Power      Damage    Failure   Level
a - Slow                  Hex            28%        N/A       10%         1

Your spell library contained the following spells:

 Spells                   Type           Power      Damage    Failure   Level
 Inner Flame              Hex/Fire       4%         N/A       43%         3
 Portal Projectile        Hex/Tloc       8%         N/A       43%         3
 Cause Fear               Hex            3%         N/A       67%         4

Inventory:

Hand Weapons
 a - a +1 sling (weapon)
Armour
 c - a +0 robe (worn)
 d - a +2 hat
Jewellery
 e - a +6 ring of dexterity
Scrolls
 b - a scroll of poison
 g - a scroll of identify {unknown}
Potions
 f - 2 potions of degeneration {unknown}

Dungeon Overview and Level Annotations

Branches:
Dungeon (1/15)

Altars:

Annotations:
D:1 exclusion: gnoll


Message History

You shoot a sling bullet.
The sling bullet barely misses the gnoll.
You shoot a sling bullet.
The sling bullet barely misses the gnoll.
The sling bullet hits the plant.
The plant begins to die.
The plant is lightly damaged.
A nearby plant withers and dies.
You shoot a sling bullet. The sling bullet hits the gnoll.
The gnoll is moderately wounded.
The gnoll hits you from afar with a +0 spear.
You shoot a sling bullet. The sling bullet hits the gnoll.
The gnoll is severely wounded.
A nearby plant withers and dies.
The gnoll closely misses you. The gnoll misses you.
You shoot a sling bullet.
The sling bullet barely misses the gnoll.
The gnoll hits you but does no damage.
You shoot a sling bullet.
The sling bullet closely misses the gnoll.
The gnoll hits you from afar with a +0 spear.
You shoot a sling bullet.
The sling bullet barely misses the gnoll.
The gnoll hits you from afar with a +0 spear.
The gnoll closely misses you.
You shoot a sling bullet. The sling bullet hits the gnoll.
The gnoll is almost dead.
The gnoll closely misses you.
You shoot a sling bullet.
The sling bullet closely misses the gnoll.
The gnoll hits you from afar with a +0 spear.
Enter note:
Enter note:
Enter note:
Enter note:
733 ||| UPGRADING to +2 hat.
The gnoll hits you from afar with a +0 spear.
Keep equipping yourself?
You start putting on your armour.
You continue putting on your +2 hat.
The gnoll hits you from afar with a +0 spear.
You die...

#.....##...........##.##.
###.#.######......(##....
#.#.#### #.##...######.
#......# #.###.## #.
###.##.# #.# #.# #.
#.##.# #.# #.# #.
#.##.###.# #. #........#
#. ####@##### #. #.# ##
.g# #### .... +... P...)
#### .P...P. # .PP...P.
#.P..P.PP.


You could see a gnoll.

Vanquished Creatures
  4 bats (D:1)
  A hobgoblin (D:1)
  2 kobolds (D:1)
  A quokka (D:1)
  A ball python (D:1)
  2 rats (D:1)
11 creatures vanquished.

Notes
Turn   | Place    | Note
-------+----------+-------------------------------------------
     0 | D:1      | qw the Gargoyle Hexslinger began the quest for the Orb.
     0 | D:1      | Reached XP level 1. HP: 12/12 MP: 2/2
     0 | D:1      | 0 ||| qw: Version: 0.3-a-52-g30416fa
     0 | D:1      | 0 ||| qw: Game counter: 5416
     0 | D:1      | 0 ||| qw: Melee chars always use a shield: true
     0 | D:1      | 0 ||| qw: God list: Okawaru
     0 | D:1      | 0 ||| qw: Allow faded altars: false
     0 | D:1      | 0 ||| qw: Do Orc after clearing Dungeon:15 true
     0 | D:1      | 0 ||| qw: Do second Lair branch before Depths: true
     0 | D:1      | 0 ||| qw: Lair rune preference: random
     0 | D:1      | 0 ||| qw: Goals: Normal
     0 | D:1      | 0 ||| PLANNING D:1-11
   395 | D:1      | Reached XP level 2. HP: 16/16 MP: 3/3
   733 | D:1      | 733 ||| UPGRADING to +2 hat.
   733 | D:1      | HP: 1/16 [gnoll/+0 spear (6)]
   734 | D:1      | Slain by a gnoll

Levels and vault maps discovered:
D:1:      heliophobic_arrival_glass_houses, layout_loops_corners,
          nicolae_grassy_gnolls

Action                     || total
---------------------------++-------
   Fire: Sling             ||    40
 Armour: Robe              ||     7
  Dodge: Dodged            ||    11

Table legend:
 A = Non-vault XP
 B = Vault XP
 C = Vault XP percentage of total XP
 D = Non-vault monster count
 E = Vault monster count
 F = Vault count percentage of total count
                 A         B        C        D         E       F
            +---------+---------+-------+---------+---------+-------
      Total |      17 |       0 |   0.0 |      11 |       0 |   0.0
            +---------+---------+-------+---------+---------+-------
        D:1 |      17 |       0 |   0.0 |      11 |       0 |   0.0
            +---------+---------+-------+---------+---------+-------
